 Dungeon Crawl Stone Soup version 0.29-a0-474-gdfe5cd140f (webtiles) character file.

Game seed: 13368907650368788906

807 xian the Conjurer (level 7, -3/53 HPs)
             Began as a Purple Draconian Conjurer on May 24, 2022.
             Slain by a wyvern zombie (8 damage)
             ... in an ossuary.
             The game lasted 00:13:07 (5109 turns).

xian the Conjurer (Purple Draconian Conjurer)       Turns: 5109, Time: 00:13:08

Health: -3/53      AC:  8    Str:  9    XL:     7   Next: 60%
Magic:  4/15       EV: 12    Int: 21    God:
Gold:   211        SH:  0    Dex:  9    Spells: 13/16 levels left

rFire   + + .      SeeInvis .   x - +5 trident of Action {drain, rF+ rC++}
rCold   + + .      Faith    .   (no shield)
rNeg    . . .      Spirit   .   (body armour unavailable)
rPois   .          Reflect  .   (helmet restricted)
rElec   .          Harm     .   t - +0 cloak
rCorr   .          Rampage  .   d - +0 pair of gloves
Will    +....                   (no boots)
Stlth   ++........              (no amulet)
HPRegen 0.17/turn               f - ring of protection from fire
MPRegen 0.14/turn               (no ring)

@: slowed, very slow
A: breathe power, AC +6, unfitting armour, cold-blooded
a: Breathe Dispelling Energy


You were in an ossuary.
You visited 1 branch of the dungeon, and saw 5 of its levels.
You also visited: Ossuary.

You collected 211 gold pieces.

Inventory:

Hand Weapons
 x - the +5 trident of Action (weapon) {drain, rF+ rC++}
   (You found it on level 3 of the Dungeon)

   A truly terrible weapon, it drains the life of any living foe it strikes.
   rF:        It protects you from fire.
   rC:        It greatly protects you from cold.
 y - the +8 hunting sling of Guilt {freeze, Dex+4 SInv}
   (You found it on level 4 of the Dungeon)

   Any ammunition fired from it freezes those it strikes, dealing additional
   cold damage.
   It can also slow down cold-blooded creatures.
   Dex:       It affects your dexterity (+4).
   SInv:      It lets you see invisible.
Missiles
 l - 4 poisoned darts
Armour
 d - a +0 pair of gloves (worn)
 i - a scarf of repulsion
 t - a +0 cloak (worn)
Jewellery
 f - a ring of protection from fire (left hand)
Wands
 q - a wand of polymorph (8)
 r - a wand of iceblast (9)
Scrolls
 b - 2 scrolls of summoning
 c - 3 scrolls of blinking
 e - a scroll of magic mapping {unknown}
 g - a scroll of fog {unknown}
 j - a scroll of silence
 k - a scroll of enchant weapon {unknown}
 m - 2 scrolls of teleportation {unknown}
 s - a scroll of noise {unknown}
 w - 3 scrolls of identify
Potions
 a - a potion of magic
 h - 4 potions of curing
 n - 3 potions of heal wounds
 o - a potion of ambrosia {unknown}
 p - a potion of mutation {unknown}
 u - 2 potions of flight {unknown}
 v - 2 potions of degeneration {unknown}
 z - a potion of haste


   Skills:
 + Level 1.7 Fighting
 + Level 0.7 Short Blades
 + Level 1.3 Polearms
 + Level 2.9 Dodging
 + Level 3.0 Stealth
 + Level 0.1 Unarmed Combat
 + Level 5.4 Spellcasting
 + Level 6.9 Conjurations


You had 13 spell levels left.
You knew the following spells:

 Your Spells              Type           Power      Damage    Failure   Level
a - Magic Dart            Conj           100%       1d8       1%          1
b - Searing Ray           Conj           68%        2d6       1%          2

Your spell library contained the following spells:

 Spells                   Type           Power      Damage    Failure   Level
 Dazzling Flash           Conj/Hex       40%        N/A       8%          3
 Apportation              Tloc           10%        N/A       11%         1
 Necrotize                Necr           20%        1d5       11%         1
 Summon Small Mammal      Summ           20%        N/A       11%         1
 Fulminant Prism          Conj/Hex       10%        3d9       26%         4
 Iskenderun's Mystic Bla  Conj/Tloc      20%        2d6       26%         4


Dungeon Overview and Level Annotations

Branches:
Dungeon (5/15)            Ossuary (1/1)
 Temple: D:4-7

Altars:
Fedhas

Shops:
D:1 [(([*


Innate Abilities, Weirdness & Mutations

You can breathe bolts of dispelling energy.
Your rich purple scales are hard. (AC +6)
You cannot fit into any form of body armour.
You are cold-blooded and may be slowed by cold attacks.


Message History

The searing ray hits the wyvern zombie.
The wyvern zombie is lightly damaged.
The searing ray hits the mummy!
You destroy the mummy! (Press . to maintain the ray.)
A killer bee zombie comes into view.
The wyvern zombie bites you!
Casting: Searing Ray (safe; 1% risk of failure)
Confirm with . or Enter, or press ? or * to list all spells.
Restarting spell: Searing Ray (safe; 1% risk of failure)
Press: ? - help, Shift-Dir - straight line, f - wyvern zombie
Aim: a wyvern zombie (lightly damaged, 93% to hit)
Okay, then.
The wyvern zombie closely misses you. The wyvern zombie bites you!
Casting: Searing Ray (safe; 1% risk of failure)
Confirm with . or Enter, or press ? or * to list all spells.
Aiming: Searing Ray (safe; 1% risk of failure)
Press: ? - help, Shift-Dir - straight line, f - wyvern zombie
Aim: a wyvern zombie (lightly damaged, 93% to hit)
The searing ray hits the bog mummy.
The bog mummy is almost destroyed.
The searing ray hits the wyvern zombie.
The wyvern zombie is lightly damaged. (Press . to maintain the ray.)
The searing ray misses the bog mummy.
The searing ray hits the wyvern zombie!
The wyvern zombie is moderately damaged.
The bog mummy casts a spell at you. You resist with almost no effort.
The searing ray hits the bog mummy!
You destroy the bog mummy!
The searing ray hits the wyvern zombie.
The wyvern zombie is moderately damaged.
The wyvern zombie bites you!
The searing ray misses the wyvern zombie.
You finish channelling your searing ray.
The wyvern zombie barely misses you. The wyvern zombie misses you.
The wyvern zombie bites you! x2
* * * LOW HITPOINT WARNING * * *
The wyvern zombie bites you!
You die...

### # #.#.#
.#
###'#'#.≈≈#
#.'....≈≈.≈
###Z#####.#
#.'@#...#
###.'.∩.#
+.#..∩#
#≈##### .≈≈
#≈.# ..≈#
≈≈≈≈+ ≈..≈#


You could see a wyvern zombie.

Vanquished Creatures
  Sigmund (D:3)
  An ogre (D:4)
  A gnoll sergeant (D:4)
  A bullfrog zombie (Ossuary)
  A centaur zombie (Ossuary)
  Natasha (thrice) (D:2)
  Terence (D:2)
  Ijyb (D:3)
  9 mummies (Ossuary)
  2 gnolls (D:4)
  4 adders
  An ufetubus (D:4)
  A dart slug (D:4)
  An orc (D:4)
  4 endoplasms
  4 giant cockroaches
  8 goblins
  10 hobgoblins
  4 jackals (D:1)
  9 kobolds
  3 quokkas
  4 ball pythons
  4 bats
  A frilled lizard (D:3)
  6 rats
85 creatures vanquished.

Vanquished Creatures (collateral kills)
  2 gnolls (D:4)
2 creatures vanquished.

Vanquished Creatures (others)
  9 withered plants (Ossuary)
9 creatures vanquished.

Grand Total: 96 creatures vanquished

Notes
Turn   | Place    | Note
-------+----------+-------------------------------------------
     0 | D:1      | xian the Draconian Conjurer began the quest for the Orb.
     0 | D:1      | Reached XP level 1. HP: 14/14 MP: 3/3
    40 | D:1      | Found Voprocs's Weapon Shop.
   346 | D:1      | Reached XP level 2. HP: 20/20 MP: 1/5
   502 | D:1      | Found Sasch's Armour Boutique.
   693 | D:1      | Found Afov's Antique Weapon Boutique.
  1053 | D:1      | Found Logoq's General Store.
  1288 | D:1      | Found Zepsiturro's Antique Armour Emporium.
  1506 | D:1      | Reached XP level 3. HP: 26/26 MP: 1/6
  1557 | D:1      | Found a faded altar of an unknown god.
  1661 | D:2      | Noticed Terence
  1665 | D:2      | Learned a level 2 spell: Searing Ray
  1670 | D:2      | Killed Terence
  1806 | D:2      | Noticed Natasha
  1812 | D:2      | Killed Natasha
  1813 | D:2      | Reached skill level 5 in Conjurations
  1813 | D:2      | Reached XP level 4. HP: 31/33 MP: 0/7
  1931 | D:2      | Noticed Natasha
  1937 | D:2      | Killed Natasha
  2186 | D:2      | Noticed Natasha
  2190 | D:2      | Killed Natasha
  2246 | D:2      | Reached XP level 5. HP: 38/38 MP: 5/8
  2562 | D:3      | Noticed Ijyb
  2576 | D:3      | Killed Ijyb
  2577 | D:3      | Reached skill level 1 in Fighting
  2746 | D:3      | Noticed Sigmund
  2760 | D:3      | Killed Sigmund
  2761 | D:3      | Reached skill level 6 in Conjurations
  2761 | D:3      | Reached XP level 6. HP: 23/47 MP: 1/10
  2928 | D:3      | Found a blossoming altar of Fedhas.
  3116 | D:3      | Identified the +5 trident of Action {drain, rF+ rC++}
  3522 | D:4      | Your scales start taking on a rich purple colour.
  3522 | D:4      | Reached XP level 7. HP: 5/52 MP: 2/13
  3522 | D:4      | HP: 2/52 [gnoll/+0 club[a gnoll sergeant] (3)]
  4389 | D:4      | Identified the +8 hunting sling of Guilt {freeze, Dex+4
                  | SInv}
  4864 | D:5      | Entered Level 5 of the Dungeon
  4864 | D:5      | Found a sand-covered staircase.
  4875 | Ossuary  | Entered an ossuary
  4894 | Ossuary  | Reached skill level 5 in Spellcasting
  4906 | Ossuary  | Reached skill level 1 in Polearms
  5109 | Ossuary  | Slain by a wyvern zombie

Illustrated notes

Levels and vault maps discovered:
D:1:      matt_arrival_refuge, layout_basic, serial_shops, shop, shop,
          nicolae_diamond_shop, shop,
          nicolae_shop_temple_entry_statues_fountains,
          hellmonk_ecumenical_altar_prayer_group, minmay_liquid_box
D:2:      layout_basic, uniq_terence, uniq_natasha
D:3:      layout_rooms, lemuel_doored_altar, uniq_ijyb, uniq_sigmund
D:4:      layout_basic
D:5:      layout_loops_ring, mainiacjoe_overflow_divided_tiny, enter_ossuary_1
Ossuary:  ossuary_zaba_flooded

Skill      XL: |  1  2  3  4  5  6  7 |
---------------+----------------------+-----
Dodging        | 2 |  2.9
Stealth        | 2 3 |  3.0
Conjurations   | 5 6 |  6.9
Fighting       | 1 |  1.7
Spellcasting   | 3 4 5 |  5.4
Polearms       | 1 |  1.3
Short Blades   | |  0.7
Unarmed Combat | |  0.1

Action                   |  1- 3 |  4- 6 |  7- 9 || total
-------------------------+-------+-------+-------++-------
Melee: Whip              |     7 |       |       ||     7
       Tailslap          |     3 |     2 |     1 ||     6
       Unarmed           |     2 |       |       ||     2
       Hand axe          |     1 |       |       ||     1
       Short sword       |    11 |     4 |       ||    15
       Trident           |       |     6 |    12 ||    18
       Scythe            |       |     1 |       ||     1
 Cast: Magic Dart        |    52 |    67 |    27 ||   146
       Searing Ray       |     1 |     6 |     9 ||    16
 Abil: Breathe Dispellin |       |       |     1 ||     1
  Use: Scroll            |       |     6 |       ||     6
Armor: Skin              |     5 |    10 |    10 ||    25
Dodge: Dodged            |    20 |    17 |    24 ||    61

Table legend: (Time is in decaauts)
 A = Elapsed time spent in this place.
 B = Non-inter-level travel time spent in this place.
 C = Inter-level travel time spent in this place.
 D = Time resting spent in this place.
 E = Time spent auto-exploring this place.
 F = Levels seen in this place.
 G = Mean time per level.
                   A        B        C        D        E       F      G
               +--------+--------+--------+--------+--------+-----+--------+
         Total |   5133 |   5030 |    103 |    451 |   3864 |   6 |  855.5 |
       Dungeon |   4882 |   4779 |    103 |    322 |   3836 |   5 |  976.4 |
       Ossuary |    250 |    250 |      0 |    129 |     28 |   1 |  250.0 |
               +--------+--------+--------+--------+--------+-----+--------+

Top non-repeatable levels by time:
     D:1: 1652 daAuts
     D:4: 1571 daAuts
     D:3: 864 daAuts
     D:2: 784 daAuts
 Ossuary: 250 daAuts
     D:5: 10 daAuts
